Connexion

Eagles vs IceHogs

Created - 18 octobre 2023 at 05:53

Goals
1 2 3 T
Eagles 2 0 1 3
IceHogs 2 1 1 4
Shots
1 2 3 T
Eagles 9 6 5 20
IceHogs 12 11 10 33

GoalsPenalties
1st period
1. IceHogs , Charles Hudon 15 (Riley Sheahan 12, Dennis Cholowski 12) at 8:36 (PP)
2. Eagles , Kris Russell 1 (David Gustafsson 15, Brett Kulak 26) at 11:36
3. Eagles , Devante Smith-Pelly 7 (Matej Paulovic 6, Marc-Edouard Vlasic 13) at 16:58
4. IceHogs , Riley Sheahan 9 (Charles Hudon 12, Colton Sceviour 10) at 17:06
Devante Smith-Pelly (COL) for High sticking (Minor) at 7:07
2nd period
5. IceHogs , Erik Cernak 7 (Brandon Hickey 11, Danny O'Regan 13) at 1:54
Branden Troock (COL) for Holding (Minor) at 4:34
3rd period
6. Eagles , Brayden Burke 9 (Branden Troock 11, Dan Renouf 14) at 1:13
7. IceHogs , Andrew Sturtz 11 (Brendan Gaunce 13) at 15:46
Erik Cernak (RCK) for Tripping (Minor) at 13:21
Goalie Stats
Cory Schneider (COL), 29 saves from 33 shots - (0,879), L, 8-16-4, 59:48 minutes
Kasimir Kaskisuo (RCK), 17 saves from 20 shots - (0,850), W, 2-6-2, 60:00 minutes
3 StarsOfficial
1 - Riley Sheahan (RCK)
2 - Charles Hudon (RCK)
3 - Kris Russell (COL)
Referees : Greg Kimmerly and Ghislain Hebert
Linesman : Andy McElman and Tim Nowak
Game Note
No Game Note
Finance
Level 1 -- Attendance: 2000 (100,00%) -- Ticket Income 70 000 $
Level 2 -- Attendance: 994 (99,40%) -- Ticket Income 14 910 $
Total Attendance: 2994 (99,80%)
Total Ticket Income: 84 910 $
Other Income: 16 982 $
Total Income: 101 892 $



Team Name Goals Shots Shots Attemp Shots Blocked PIM HIT PP PK FO%
Eagles 32042114290 / 1 (0%)146%
IceHogs 4336362151 / 2 (50%)054%

Eagles
Player Name POS G A P +/- PIM HIT SHT SB MP PP MP PP SHT PK MP PK SHT FO% FOT
Branden TroockRW0111221011:510:0000:1100% 0
Brayden BurkeC/LW/RW1011001011:410:0000:0000% 0
Brett KulakD0110010123:430:5701:4400% 0
Cooper MarodyC/RW000-1011018:490:4801:0400% 0
Dan RenoufD0110010214:310:0000:0000% 0
Daniel AudetteC0001010011:460:0000:05033% 9
David GustafssonC0110002022:471:1102:19041% 29
Devante Smith-PellyRW101022206:370:0000:0000% 0
Gage GoncalvesC000000006:380:0000:00044% 9
Jacob PetersonC/LW000-1002017:450:4800:0000% 0
Kris RussellD1010031223:430:5701:4400% 0
Leo KomarovLW0000030020:591:1100:310100% 1
Marc-Edouard VlasicD0110041221:461:0201:4400% 0
Mark GiordanoD0000043021:461:0211:4400% 0
Matej PaulovicLW011001006:380:0000:0000% 1
Radek FaksaC000-1032319:270:4801:42055% 20
Ty EmbersonD0000010114:310:0000:0000% 0
William LockwoodRW0000024021:321:1111:040100% 2
IceHogs
Player Name POS G A P +/- PIM HIT SHT SB MP PP MP PP SHT PK MP PK SHT FO% FOT
Alex KileLW000-1000016:450:0000:00050% 2
Andrew SturtzRW101100106:350:0000:0000% 1
Brandon GignacC000000001:090:1800:0000% 0
Brandon HickeyD0111000122:331:4200:2500% 0
Brendan GaunceC/LW011100106:350:0000:00050% 10
Cameron Gaunce D0000022120:041:2810:5900% 0
Cedric PaquetteC/LW0000046021:302:0710:3500% 0
Charles HudonLW/RW1120004014:391:2110:5300% 0
Colton SceviourC/LW/RW0111001020:281:0301:160100% 3
Danny O'ReganC/RW0110022021:292:0700:3400% 0
Dennis CholowskiD0110010120:231:2801:1800% 0
Erik CernakD1011221122:472:0000:0000% 0
Jack DoughertyD000-1022117:080:0001:0000% 0
Jean-Sébastien DeaC/RW0000004021:132:0710:18054% 26
Mark AltD000-1011117:040:1800:1600% 0
Mikhail VorobyovC000-1004017:070:0000:22045% 11
Riley SheahanC1120003013:461:2100:00059% 17
Zack O'BrienC/RW000-1011016:450:0000:0000% 1



Play-by-Play

1st period


0:01 of 1st period - Jean-Sébastien Dea wins face-off versus David Gustafsson in neutral zone.
0:41 of 1st period - Shot by Danny O'Regan.
0:41 of 1st period - Shot Misses the Net.
1:01 of 1st period - Shot by Radek Faksa.
1:01 of 1st period - Stopped by Kasimir Kaskisuo with a rebound.
1:03 of 1st period - Shot by Mark Giordano.
1:03 of 1st period - Stopped by Kasimir Kaskisuo with a rebound.
2:06 of 1st period - Shot by Mikhail Vorobyov.
2:06 of 1st period - Stopped by Cory Schneider without a rebound.
2:07 of 1st period - Gage Goncalves wins face-off versus Jean-Sébastien Dea in Eagles zone.
2:07 of 1st period - Gage Goncalves is hit by Cedric Paquette.
2:13 of 1st period - Shot by Devante Smith-Pelly.
2:13 of 1st period - Stopped by Kasimir Kaskisuo without a rebound.
2:14 of 1st period - Daniel Audette wins face-off versus Mikhail Vorobyov in IceHogs zone.
2:44 of 1st period - Shot by Zack O'Brien.
2:44 of 1st period - Shot Misses the Net.
2:50 of 1st period - Shot by Mikhail Vorobyov.
2:50 of 1st period - Shot Misses the Net.
2:52 of 1st period - Shot by Alex Kile.
2:52 of 1st period - Shot Misses the Net.
2:54 of 1st period - Shot by Jack Dougherty.
2:54 of 1st period - Stopped by Cory Schneider without a rebound.
2:55 of 1st period - David Gustafsson wins face-off versus Jean-Sébastien Dea in Eagles zone.
3:15 of 1st period - Shot by David Gustafsson.
3:15 of 1st period - Stopped by Kasimir Kaskisuo without a rebound.
3:16 of 1st period - Gage Goncalves wins face-off versus Brendan Gaunce in IceHogs zone.
3:29 of 1st period - Shot by Mark Giordano.
3:29 of 1st period - Shot Misses the Net.
3:47 of 1st period - Colton Sceviour is hit by Devante Smith-Pelly and loses puck.
4:09 of 1st period - Off-side.
4:10 of 1st period - Jean-Sébastien Dea wins face-off versus David Gustafsson in neutral zone.
4:13 of 1st period - William Lockwood is hit by Cedric Paquette.
4:23 of 1st period - Shot by Jean-Sébastien Dea.
4:23 of 1st period - Stopped by Cory Schneider with a rebound.
4:38 of 1st period - Brandon Hickey is hit by Leo Komarov and loses puck.
4:57 of 1st period - Icing by Kris Russell.
4:58 of 1st period - David Gustafsson wins face-off versus Mikhail Vorobyov in Eagles zone.
5:16 of 1st period - Zack O'Brien is hit by Ty Emberson and loses puck.
6:11 of 1st period - Riley Sheahan is hit by Radek Faksa and loses puck.
6:22 of 1st period - Cameron Gaunce is hit by Branden Troock.
7:07 of 1st period - Minor Penalty to Devante Smith-Pelly for High sticking.
7:08 of 1st period - Jean-Sébastien Dea wins face-off versus David Gustafsson in Eagles zone.
8:24 of 1st period - Icing by Cameron Gaunce .
8:25 of 1st period - David Gustafsson wins face-off versus Riley Sheahan in IceHogs zone.
8:34 of 1st period - Shot by Riley Sheahan.
8:34 of 1st period - Shot Blocked by Marc-Edouard Vlasic.
8:36 of 1st period - Shot by Charles Hudon.
8:36 of 1st period - Goal by Charles Hudon - Eagles : 0 - IceHogs : 1.
8:37 of 1st period - Alex Kile wins face-off versus Daniel Audette in neutral zone.
9:03 of 1st period - Shot by Daniel Audette.
9:03 of 1st period - Shot Blocked by Mark Alt.
9:05 of 1st period - Shot by Brayden Burke.
9:05 of 1st period - Shot Misses the Net.
9:07 of 1st period - Shot by Branden Troock.
9:07 of 1st period - Stopped by Kasimir Kaskisuo without a rebound.
9:08 of 1st period - Brendan Gaunce wins face-off versus Gage Goncalves in IceHogs zone.
9:08 of 1st period - Brendan Gaunce is hit by Matej Paulovic.
9:19 of 1st period - Icing by Brandon Hickey.
9:20 of 1st period - David Gustafsson wins face-off versus Brendan Gaunce in IceHogs zone.
9:27 of 1st period - Brendan Gaunce is hit by William Lockwood and loses puck.
9:33 of 1st period - Andrew Sturtz is hit by Mark Giordano and loses puck.
9:38 of 1st period - Shot by Colton Sceviour.
9:38 of 1st period - Shot Misses the Net.
9:46 of 1st period - Shot by Marc-Edouard Vlasic.
9:46 of 1st period - Shot Misses the Net.
10:23 of 1st period - Shot by Cameron Gaunce .
10:23 of 1st period - Shot Misses the Net.
10:25 of 1st period - Shot by Jean-Sébastien Dea.
10:25 of 1st period - Shot Blocked by Kris Russell.
10:27 of 1st period - Shot by Jean-Sébastien Dea.
10:27 of 1st period - Stopped by Cory Schneider without a rebound.
10:28 of 1st period - Daniel Audette wins face-off versus Mikhail Vorobyov in Eagles zone.
11:23 of 1st period - Icing by Alex Kile.
11:24 of 1st period - Mikhail Vorobyov wins face-off versus Gage Goncalves in IceHogs zone.
11:28 of 1st period - Icing by Jack Dougherty.
11:29 of 1st period - David Gustafsson wins face-off versus Zack O'Brien in IceHogs zone.
11:32 of 1st period - Shot by David Gustafsson.
11:32 of 1st period - Shot Misses the Net.
11:34 of 1st period - Shot by David Gustafsson.
11:34 of 1st period - Stopped by Kasimir Kaskisuo with a rebound.
11:36 of 1st period - Shot by Kris Russell.
11:36 of 1st period - Goal by Kris Russell - Eagles : 1 - IceHogs : 1.
11:37 of 1st period - Jean-Sébastien Dea wins face-off versus David Gustafsson in neutral zone.
11:47 of 1st period - David Gustafsson is hit by Cedric Paquette and loses puck.
12:02 of 1st period - Shot by Cedric Paquette.
12:02 of 1st period - Deflect By Danny O'Regan.
12:02 of 1st period - Stopped by Cory Schneider without a rebound.
12:03 of 1st period - Riley Sheahan wins face-off versus Radek Faksa in Eagles zone.
12:12 of 1st period - Shot by Charles Hudon.
12:12 of 1st period - Shot Misses the Net.
12:14 of 1st period - Shot by Riley Sheahan.
12:14 of 1st period - Deflect By Charles Hudon.
12:14 of 1st period - Shot Blocked by Radek Faksa.
12:16 of 1st period - Shot by Colton Sceviour.
12:16 of 1st period - Stopped by Cory Schneider with a rebound.
12:35 of 1st period - Charles Hudon is hit by Mark Giordano and loses puck.
13:15 of 1st period - Off-side.
13:16 of 1st period - Gage Goncalves wins face-off versus Mikhail Vorobyov in neutral zone.
14:12 of 1st period - Leo Komarov is hit by Jack Dougherty and loses puck.
14:37 of 1st period - Brett Kulak is hit by Zack O'Brien and loses puck.
14:56 of 1st period - Icing by Mark Alt.
14:57 of 1st period - Radek Faksa wins face-off versus Alex Kile in IceHogs zone.
15:27 of 1st period - Erik Cernak is hit by Radek Faksa and loses puck.
16:30 of 1st period - Shot by Riley Sheahan.
16:30 of 1st period - Shot Misses the Net.
16:32 of 1st period - Shot by Charles Hudon.
16:32 of 1st period - Shot Blocked by Dan Renouf.
16:34 of 1st period - Shot by Charles Hudon.
16:34 of 1st period - Stopped by Cory Schneider without a rebound.
16:35 of 1st period - Brendan Gaunce wins face-off versus David Gustafsson in Eagles zone.
16:50 of 1st period - Shot by Brendan Gaunce.
16:50 of 1st period - Stopped by Cory Schneider without a rebound.
16:51 of 1st period - Jean-Sébastien Dea wins face-off versus Gage Goncalves in Eagles zone.
16:58 of 1st period - Shot by Devante Smith-Pelly.
16:58 of 1st period - Goal by Devante Smith-Pelly - Eagles : 2 - IceHogs : 1.
16:59 of 1st period - Riley Sheahan wins face-off versus David Gustafsson in neutral zone.
17:04 of 1st period - Shot by Charles Hudon.
17:04 of 1st period - Stopped by Cory Schneider with a rebound.
17:06 of 1st period - Shot by Riley Sheahan.
17:06 of 1st period - Goal by Riley Sheahan - Eagles : 2 - IceHogs : 2.
17:07 of 1st period - Jean-Sébastien Dea wins face-off versus David Gustafsson in neutral zone.
17:07 of 1st period - Danny O'Regan is hit by Leo Komarov and loses puck.
17:35 of 1st period - Shot by Jean-Sébastien Dea.
17:35 of 1st period - Shot Hit the Post.
17:37 of 1st period - Shot by Jean-Sébastien Dea.
17:37 of 1st period - Shot Misses the Net.
17:39 of 1st period - Shot by Cedric Paquette.
17:39 of 1st period - Shot Misses the Net.
17:41 of 1st period - Shot by Cedric Paquette.
17:41 of 1st period - Stopped by Cory Schneider without a rebound.
17:42 of 1st period - Riley Sheahan wins face-off versus Radek Faksa in Eagles zone.
17:43 of 1st period - Shot by Colton Sceviour.
17:43 of 1st period - Shot Blocked by Marc-Edouard Vlasic.
18:01 of 1st period - Shot by Jacob Peterson.
18:01 of 1st period - Stopped by Kasimir Kaskisuo without a rebound.
18:02 of 1st period - Daniel Audette wins face-off versus Mikhail Vorobyov in IceHogs zone.
18:17 of 1st period - Shot by Daniel Audette.
18:17 of 1st period - Shot Misses the Net.
18:21 of 1st period - Shot by Brayden Burke.
18:21 of 1st period - Shot Hit the Post.
18:48 of 1st period - Icing by Mark Alt.
18:49 of 1st period - Leo Komarov wins face-off versus Mikhail Vorobyov in IceHogs zone.
19:04 of 1st period - Shot by William Lockwood.
19:04 of 1st period - Shot Misses the Net.
19:41 of 1st period - Brett Kulak is hit by Erik Cernak and loses puck.
19:58 of 1st period - Radek Faksa is hit by Danny O'Regan and loses puck.
Goals for this period are 2 for Eagles vs 2 for IceHogs.
Shots for this period are 9 for Eagles vs 12 for IceHogs.

2nd period


0:01 of 2nd period - Jean-Sébastien Dea wins face-off versus David Gustafsson in neutral zone.
0:20 of 2nd period - Shot by Cedric Paquette.
0:20 of 2nd period - Stopped by Cory Schneider without a rebound.
0:21 of 2nd period - Riley Sheahan wins face-off versus Radek Faksa in Eagles zone.
0:24 of 2nd period - Shot by Charles Hudon.
0:24 of 2nd period - Shot Misses the Net.
0:29 of 2nd period - Radek Faksa is hit by Cameron Gaunce and loses puck.
0:55 of 2nd period - Shot by Cooper Marody.
0:55 of 2nd period - Shot Blocked by Dennis Cholowski.
1:28 of 2nd period - Icing by Brandon Hickey.
1:29 of 2nd period - Jean-Sébastien Dea wins face-off versus Gage Goncalves in IceHogs zone.
1:52 of 2nd period - Shot by Brandon Hickey.
1:52 of 2nd period - Shot Blocked by Dan Renouf.
1:54 of 2nd period - Shot by Erik Cernak.
1:54 of 2nd period - Goal by Erik Cernak - Eagles : 2 - IceHogs : 3.
1:55 of 2nd period - Mikhail Vorobyov wins face-off versus David Gustafsson in neutral zone.
2:15 of 2nd period - Off-side.
2:16 of 2nd period - Radek Faksa wins face-off versus Andrew Sturtz in neutral zone.
2:23 of 2nd period - Shot by Mark Giordano.
2:23 of 2nd period - Shot Misses the Net.
2:27 of 2nd period - Shot by Cooper Marody.
2:27 of 2nd period - Stopped by Kasimir Kaskisuo without a rebound.
2:28 of 2nd period - David Gustafsson wins face-off versus Jean-Sébastien Dea in IceHogs zone.
2:36 of 2nd period - Icing by Jean-Sébastien Dea.
2:37 of 2nd period - Radek Faksa wins face-off versus Jean-Sébastien Dea in IceHogs zone.
3:00 of 2nd period - Shot by Radek Faksa.
3:00 of 2nd period - Stopped by Kasimir Kaskisuo without a rebound.
3:01 of 2nd period - Brendan Gaunce wins face-off versus David Gustafsson in IceHogs zone.
4:27 of 2nd period - Shot by Jacob Peterson.
4:27 of 2nd period - Shot Blocked by Brandon Hickey.
4:34 of 2nd period - Minor Penalty to Branden Troock for Holding.
4:35 of 2nd period - Jean-Sébastien Dea wins face-off versus David Gustafsson in Eagles zone.
4:42 of 2nd period - Shot by Cameron Gaunce .
4:42 of 2nd period - Stopped by Cory Schneider with a rebound.
4:44 of 2nd period - Shot by Danny O'Regan.
4:44 of 2nd period - Deflect By Cedric Paquette.
4:44 of 2nd period - Stopped by Cory Schneider without a rebound.
4:45 of 2nd period - David Gustafsson wins face-off versus Jean-Sébastien Dea in Eagles zone.
5:04 of 2nd period - Shot by Jean-Sébastien Dea.
5:04 of 2nd period - Stopped by Cory Schneider without a rebound.
5:05 of 2nd period - William Lockwood wins face-off versus Jean-Sébastien Dea in Eagles zone.
5:55 of 2nd period - Off-side.
5:56 of 2nd period - Riley Sheahan wins face-off versus David Gustafsson in neutral zone.
6:18 of 2nd period - Icing by Charles Hudon.
6:19 of 2nd period - Riley Sheahan wins face-off versus David Gustafsson in IceHogs zone.
6:31 of 2nd period - Icing by Riley Sheahan.
6:32 of 2nd period - William Lockwood wins face-off versus Riley Sheahan in IceHogs zone.
6:58 of 2nd period - Jean-Sébastien Dea is hit by Branden Troock.
7:10 of 2nd period - Shot by Ty Emberson.
7:10 of 2nd period - Shot Blocked by Cameron Gaunce .
7:31 of 2nd period - Zack O'Brien is hit by Brett Kulak and loses puck.
7:59 of 2nd period - Zack O'Brien is hit by Kris Russell and loses puck.
9:16 of 2nd period - Shot by Cedric Paquette.
9:16 of 2nd period - Stopped by Cory Schneider without a rebound.
9:17 of 2nd period - Jean-Sébastien Dea wins face-off versus Daniel Audette in Eagles zone.
9:39 of 2nd period - Jean-Sébastien Dea is hit by Kris Russell and loses puck.
9:54 of 2nd period - Shot by Jean-Sébastien Dea.
9:54 of 2nd period - Stopped by Cory Schneider with a rebound.
9:56 of 2nd period - Shot by Cedric Paquette.
9:56 of 2nd period - Shot Blocked by Brett Kulak.
11:04 of 2nd period - Shot by David Gustafsson.
11:04 of 2nd period - Shot Misses the Net.
11:06 of 2nd period - Shot by Marc-Edouard Vlasic.
11:06 of 2nd period - Stopped by Kasimir Kaskisuo without a rebound.
11:07 of 2nd period - Radek Faksa wins face-off versus Riley Sheahan in IceHogs zone.
11:32 of 2nd period - Shot by Jacob Peterson.
11:32 of 2nd period - Stopped by Kasimir Kaskisuo with a rebound.
11:34 of 2nd period - Shot by Ty Emberson.
11:34 of 2nd period - Shot Misses the Net.
11:36 of 2nd period - Shot by Ty Emberson.
11:36 of 2nd period - Shot Hit the Post.
11:55 of 2nd period - Erik Cernak is hit by Marc-Edouard Vlasic and loses puck.
12:15 of 2nd period - Cedric Paquette is hit by Mark Giordano and loses puck.
12:24 of 2nd period - Shot by Jean-Sébastien Dea.
12:24 of 2nd period - Shot Misses the Net.
12:37 of 2nd period - Jean-Sébastien Dea is hit by Mark Giordano and loses puck.
13:27 of 2nd period - Shot by William Lockwood.
13:27 of 2nd period - Shot Blocked by Jack Dougherty.
14:30 of 2nd period - Shot by Jacob Peterson.
14:30 of 2nd period - Deflect By Cooper Marody.
14:30 of 2nd period - Shot Blocked by Erik Cernak.
14:34 of 2nd period - Shot by Jacob Peterson.
14:34 of 2nd period - Shot Misses the Net.
14:36 of 2nd period - Shot by Ty Emberson.
14:36 of 2nd period - Shot Misses the Net.
14:38 of 2nd period - Shot by Ty Emberson.
14:38 of 2nd period - Shot Misses the Net.
15:31 of 2nd period - Daniel Audette is hit by Danny O'Regan.
15:47 of 2nd period - Shot by William Lockwood.
15:47 of 2nd period - Stopped by Kasimir Kaskisuo without a rebound.
15:48 of 2nd period - David Gustafsson wins face-off versus Riley Sheahan in IceHogs zone.
15:57 of 2nd period - Shot by William Lockwood.
15:57 of 2nd period - Stopped by Kasimir Kaskisuo without a rebound.
15:58 of 2nd period - Radek Faksa wins face-off versus Brendan Gaunce in IceHogs zone.
16:16 of 2nd period - Shot by Mark Alt.
16:16 of 2nd period - Stopped by Cory Schneider without a rebound.
16:17 of 2nd period - David Gustafsson wins face-off versus Riley Sheahan in Eagles zone.
16:25 of 2nd period - Mark Alt is hit by Leo Komarov and loses puck.
16:31 of 2nd period - Off-side.
16:32 of 2nd period - Jean-Sébastien Dea wins face-off versus Radek Faksa in neutral zone.
16:41 of 2nd period - Icing by Marc-Edouard Vlasic.
16:42 of 2nd period - Riley Sheahan wins face-off versus Radek Faksa in Eagles zone.
16:57 of 2nd period - Shot by Riley Sheahan.
16:57 of 2nd period - Stopped by Cory Schneider with a rebound.
17:04 of 2nd period - Riley Sheahan is hit by Marc-Edouard Vlasic and loses puck.
17:23 of 2nd period - Charles Hudon is hit by Radek Faksa and loses puck.
18:02 of 2nd period - Shot by Cedric Paquette.
18:02 of 2nd period - Stopped by Cory Schneider without a rebound.
18:03 of 2nd period - Mikhail Vorobyov wins face-off versus Daniel Audette in Eagles zone.
18:12 of 2nd period - Shot by Mikhail Vorobyov.
18:12 of 2nd period - Stopped by Cory Schneider without a rebound.
18:13 of 2nd period - Jean-Sébastien Dea wins face-off versus Matej Paulovic in Eagles zone.
18:22 of 2nd period - Brandon Hickey is hit by Devante Smith-Pelly.
19:21 of 2nd period - Shot by Zack O'Brien.
19:21 of 2nd period - Shot Misses the Net.
19:23 of 2nd period - Shot by Zack O'Brien.
19:23 of 2nd period - Shot Misses the Net.
19:36 of 2nd period - Mikhail Vorobyov is hit by Kris Russell and loses puck.
19:46 of 2nd period - David Gustafsson is hit by Dennis Cholowski.
Goals for this period are 0 for Eagles vs 1 for IceHogs.
Shots for this period are 6 for Eagles vs 11 for IceHogs.

3rd period


0:01 of 3rd period - David Gustafsson wins face-off versus Jean-Sébastien Dea in neutral zone.
0:19 of 3rd period - Shot by Danny O'Regan.
0:19 of 3rd period - Stopped by Cory Schneider with a rebound.
0:33 of 3rd period - Shot by David Gustafsson.
0:33 of 3rd period - Shot Misses the Net.
0:59 of 3rd period - Shot by Jacob Peterson.
0:59 of 3rd period - Shot Misses the Net.
1:01 of 3rd period - Shot by Mark Giordano.
1:01 of 3rd period - Stopped by Kasimir Kaskisuo without a rebound.
1:02 of 3rd period - Riley Sheahan wins face-off versus Daniel Audette in IceHogs zone.
1:13 of 3rd period - Shot by Brayden Burke.
1:13 of 3rd period - Goal by Brayden Burke - Eagles : 3 - IceHogs : 3.
1:14 of 3rd period - Radek Faksa wins face-off versus Brendan Gaunce in neutral zone.
1:16 of 3rd period - Mark Giordano is hit by Mark Alt.
1:49 of 3rd period - Jacob Peterson is hit by Jack Dougherty and loses puck.
2:53 of 3rd period - Shot by Cameron Gaunce .
2:53 of 3rd period - Stopped by Cory Schneider with a rebound.
2:55 of 3rd period - Shot by Mikhail Vorobyov.
2:55 of 3rd period - Shot Misses the Net.
3:08 of 3rd period - Icing by Kris Russell.
3:09 of 3rd period - Jean-Sébastien Dea wins face-off versus David Gustafsson in Eagles zone.
3:16 of 3rd period - Shot by Cedric Paquette.
3:16 of 3rd period - Stopped by Cory Schneider with a rebound.
4:24 of 3rd period - Riley Sheahan is hit by Marc-Edouard Vlasic and loses puck.
4:32 of 3rd period - Icing by Mark Giordano.
4:33 of 3rd period - Mikhail Vorobyov wins face-off versus Radek Faksa in Eagles zone.
4:48 of 3rd period - Shot by Mikhail Vorobyov.
4:48 of 3rd period - Shot Blocked by Radek Faksa.
4:56 of 3rd period - Shot by Mikhail Vorobyov.
4:56 of 3rd period - Stopped by Cory Schneider with a rebound.
4:59 of 3rd period - Icing by Marc-Edouard Vlasic.
5:00 of 3rd period - Radek Faksa wins face-off versus Jean-Sébastien Dea in Eagles zone.
6:13 of 3rd period - Icing by Ty Emberson.
6:14 of 3rd period - Riley Sheahan wins face-off versus Daniel Audette in Eagles zone.
6:39 of 3rd period - Shot by Riley Sheahan.
6:39 of 3rd period - Shot Misses the Net.
6:41 of 3rd period - Shot by Jack Dougherty.
6:41 of 3rd period - Stopped by Cory Schneider without a rebound.
6:42 of 3rd period - David Gustafsson wins face-off versus Jean-Sébastien Dea in Eagles zone.
7:23 of 3rd period - Shot by William Lockwood.
7:23 of 3rd period - Stopped by Kasimir Kaskisuo without a rebound.
7:24 of 3rd period - Radek Faksa wins face-off versus Riley Sheahan in IceHogs zone.
7:30 of 3rd period - Icing by Charles Hudon.
7:31 of 3rd period - Radek Faksa wins face-off versus Riley Sheahan in IceHogs zone.
8:43 of 3rd period - Shot by Mikhail Vorobyov.
8:43 of 3rd period - Deflect By Zack O'Brien.
8:43 of 3rd period - Shot Misses the Net.
8:45 of 3rd period - Shot by Alex Kile.
8:45 of 3rd period - Shot Blocked by Radek Faksa.
9:28 of 3rd period - Shot by Jean-Sébastien Dea.
9:28 of 3rd period - Shot Blocked by Kris Russell.
9:49 of 3rd period - Cedric Paquette is hit by William Lockwood and loses puck.
10:18 of 3rd period - Shot by Charles Hudon.
10:18 of 3rd period - Shot Blocked by Ty Emberson.
10:20 of 3rd period - Shot by Riley Sheahan.
10:20 of 3rd period - Stopped by Cory Schneider without a rebound.
10:21 of 3rd period - Gage Goncalves wins face-off versus Brendan Gaunce in Eagles zone.
10:23 of 3rd period - Icing by Matej Paulovic.
10:24 of 3rd period - Riley Sheahan wins face-off versus Gage Goncalves in Eagles zone.
10:24 of 3rd period - Riley Sheahan is hit by Dan Renouf.
12:26 of 3rd period - Brayden Burke is hit by Erik Cernak and loses puck.
12:48 of 3rd period - Danny O'Regan is hit by Daniel Audette and loses puck.
13:21 of 3rd period - Minor Penalty to Erik Cernak for Tripping.
13:22 of 3rd period - Colton Sceviour wins face-off versus David Gustafsson in IceHogs zone.
13:35 of 3rd period - Shot by William Lockwood.
13:35 of 3rd period - Stopped by Kasimir Kaskisuo without a rebound.
13:36 of 3rd period - Colton Sceviour wins face-off versus Radek Faksa in IceHogs zone.
14:01 of 3rd period - Shot by Mark Giordano.
14:01 of 3rd period - Stopped by Kasimir Kaskisuo with a rebound.
14:30 of 3rd period - Icing by Brett Kulak.
14:31 of 3rd period - Colton Sceviour wins face-off versus David Gustafsson in Eagles zone.
14:37 of 3rd period - Off-side.
14:38 of 3rd period - David Gustafsson wins face-off versus Jean-Sébastien Dea in neutral zone.
15:34 of 3rd period - Shot by Mikhail Vorobyov.
15:34 of 3rd period - Stopped by Cory Schneider with a rebound.
15:44 of 3rd period - Shot by Zack O'Brien.
15:44 of 3rd period - Stopped by Cory Schneider without a rebound.
15:45 of 3rd period - Brendan Gaunce wins face-off versus Radek Faksa in Eagles zone.
15:46 of 3rd period - Shot by Andrew Sturtz.
15:46 of 3rd period - Goal by Andrew Sturtz - Eagles : 3 - IceHogs : 4.
15:47 of 3rd period - Brendan Gaunce wins face-off versus Radek Faksa in neutral zone.
16:09 of 3rd period - Icing by Radek Faksa.
16:10 of 3rd period - Radek Faksa wins face-off versus Jean-Sébastien Dea in Eagles zone.
17:17 of 3rd period - Shot by Charles Hudon.
17:17 of 3rd period - Shot Misses the Net.
17:31 of 3rd period - Shot by Colton Sceviour.
17:31 of 3rd period - Deflect By Charles Hudon.
17:31 of 3rd period - Stopped by Cory Schneider without a rebound.
17:32 of 3rd period - Mikhail Vorobyov wins face-off versus Daniel Audette in Eagles zone.
18:01 of 3rd period - Branden Troock is hit by Cameron Gaunce and loses puck.
18:31 of 3rd period - Dennis Cholowski is hit by Cooper Marody and loses puck.
18:56 of 3rd period - Alex Kile is hit by Marc-Edouard Vlasic and loses puck.
19:06 of 3rd period - Icing by Mark Giordano.
19:07 of 3rd period - Radek Faksa wins face-off versus Jean-Sébastien Dea in Eagles zone.
19:26 of 3rd period - David Gustafsson is hit by Cedric Paquette and loses puck.
19:30 of 3rd period - Icing by Kris Russell.
19:31 of 3rd period - Jean-Sébastien Dea wins face-off versus David Gustafsson in Eagles zone.
19:48 of 3rd period - Eagles, Cory Schneider is pulled from the net.
Goals for this period are 1 for Eagles vs 1 for IceHogs.
Shots for this period are 5 for Eagles vs 10 for IceHogs.